 Dungeon Crawl Stone Soup version 0.29.1-13-g9f3cf754e1 (webtiles) character file.

Game seed: 3149679251798393563

1791475 LSt the Conqueror (level 27, 273/273 HPs)
             Began as a Black Draconian Hunter on Feb 2, 2023.
             Was a High Priest of Okawaru.
             Escaped with the Orb
             ... and 3 runes!
             The game lasted 07:54:03 (62975 turns).

LSt the Conqueror (Black Draconian Hunter)         Turns: 62975, Time: 07:54:03

Health: 273/273    AC: 27    Str: 15    XL:     27
Magic:  50/50      EV: 50    Int: 15    God:    Okawaru [*****.]
Gold:   7980       SH: 14    Dex: 40    Spells: 24/26 levels left

rFire   + + +      SeeInvis +   a - +3 hand crossbow "Death Rattle" {penet, rN+ Dex+2}
rCold   + + .      Faith    .   p - +3 warlock's mirror {reflect}
rNeg    + + +      Spirit   .   (body armour unavailable)
rPois   +          Reflect  +   A - +2 hat of the Doldrums {rC+ Int+7}
rElec   +          Harm     .   J - +5 cloak of the Vacuum {MP+9 Int+3}
rCorr   .          Rampage  .   C - +3 Mad Mage's Maulers {Infuse+∞ RegenMP Int-3}
Will    +++++                   R - +1 pair of boots of Vigym {rF+ Dex+5}
Stlth   +++.......              H - amulet of regeneration
HPRegen 1.35/turn               l - ring of the Lachrymose God {rPois rF+ rC+ Will+++ MP+9}
MPRegen 0.72/turn               o - ring of Juycytey {rElec rF+ rN++ Dex+6 SInv}

@: flying
A: breathe lightning, AC +13, unfitting armour, big wings, electricity
resistance, cold-blooded, deterioration 1, dopey 1, fire resistance 1
0: Orb of Zot
}: 3/15 runes: decaying, serpentine, abyssal
a: Breathe Lightning, Renounce Religion, Heroism, Finesse, Duel


You escaped.
You worshipped Okawaru.
Okawaru was extremely pleased with you.
You visited 11 branches of the dungeon, and saw 50 of its levels.
You visited the Abyss 1 time.
You also visited: Sewer, Bailey and Ice Cave.

You collected 8811 gold pieces.
You spent 831 gold pieces at shops.

Inventory:

Hand Weapons
 a - the +3 hand crossbow "Death Rattle" (weapon) {penet, rN+ Dex+2}
   (Okawaru gifted it to you on level 2 of the Elven Halls)

   Any ammunition fired by it passes through the targets it hits, potentially
   hitting all targets in its path until it reaches maximum range.
   Dex:       It affects your dexterity (+2).
   rN:        It protects you from negative energy.
 b - the +5 hand crossbow of Perole {flame, rC+ Will+ Str+3}
   (Okawaru gifted it to you on level 3 of the Vaults)

   Any ammunition fired from it burns those it strikes, dealing additional fire
   damage.
   Str:       It affects your strength (+3).
   rC:        It protects you from cold.
   Will:      It increases your willpower.
 h - the +1 dagger "Votod" {vorpal, +Blink rPois Str-5 Int+2}
   (You found it on level 14 of the Dungeon)

   It inflicts extra damage upon your enemies.
   Str:       It affects your strength (-5).
   Int:       It affects your intelligence (+2).
   rPois:     It protects you from poison.
   +Blink:    It lets you blink.
Missiles
 c - a throwing net
Armour
 n - a +2 cloak of preservation
 p - the +3 warlock's mirror (worn) {reflect}
   (Okawaru gifted it to you on level 3 of the Realm of Zot)

   It can block and reflect piercing ranged attacks and magical attacks against
   the wielder's willpower.
 A - the +2 hat of the Doldrums (worn) {rC+ Int+7}
   (Okawaru gifted it to you on level 3 of the Depths)

   Int:       It affects your intelligence (+7).
   rC:        It protects you from cold.
 C - the +3 Mad Mage's Maulers (worn) {Infuse+∞ RegenMP Int-3}
   (Okawaru gifted it to you on level 3 of the Elven Halls)

   It empowers its wearer's blows with all of their magic.
   It causes its wearer's magical reserves to regenerate more quickly.
   Int:       It affects your intelligence (-3).
 J - the +5 cloak of the Vacuum (worn) {MP+9 Int+3}
   (Okawaru gifted it to you on level 3 of the Crypt)

   Int:       It affects your intelligence (+3).
   MP:        It affects your magic capacity (+9).
 R - the +1 pair of boots of Vigym (worn) {rF+ Dex+5}
   (Okawaru gifted it to you on level 2 of the Depths)

   Dex:       It affects your dexterity (+5).
   rF:        It protects you from fire.
Jewellery
 l - the ring of the Lachrymose God (left hand) {rPois rF+ rC+ Will+++ MP+9}
   (You found it on level 14 of the Dungeon)

   [ring of protection from fire]

   rF:        It protects you from fire.
   rC:        It protects you from cold.
   rPois:     It protects you from poison.
   MP:        It affects your magic capacity (+9).
   Will:      It greatly increases your willpower.
 o - the ring of Juycytey (right hand) {rElec rF+ rN++ Dex+6 SInv}
   (You acquired it on level 8 of the Dungeon)

   [ring of dexterity]

   Dex:       It affects your dexterity (+6).
   rF:        It protects you from fire.
   rElec:     It insulates you from electricity.
   rN:        It greatly protects you from negative energy.
   SInv:      It lets you see invisible.
 q - a ring of protection from cold
 H - an amulet of regeneration (around neck)
 Q - a +4 ring of protection
 S - a +4 ring of slaying
Wands
 k - a wand of iceblast (54)
 u - a wand of paralysis (72)
 B - a wand of polymorph (21)
 I - a wand of flame (148)
 V - a wand of mindburst (46)
 X - a wand of quicksilver (10)
Scrolls
 d - 6 scrolls of enchant weapon
 e - 8 scrolls of blinking
 r - 11 scrolls of vulnerability
 s - 13 scrolls of poison
 t - 6 scrolls of fear
 v - 5 scrolls of magic mapping
 x - 21 scrolls of teleportation
 y - a scroll of enchant armour
 z - a scroll of acquirement
 O - 4 scrolls of brand weapon
 P - 2 scrolls of silence
 T - 8 scrolls of immolation
 U - 7 scrolls of noise
Potions
 f - 36 potions of curing
 g - 11 potions of haste
 i - 4 potions of cancellation
 j - 17 potions of heal wounds
 m - 18 potions of mutation
 w - 11 potions of attraction
 D - 5 potions of ambrosia
 E - 2 potions of resistance
 F - 7 potions of invisibility
 G - 3 potions of magic
 M - 11 potions of lignification
 N - 11 potions of might
Miscellaneous
 K - a lightning rod (4/4)
 L - a tin of tremorstones (2/2)
 Y - a phial of floods
 Z - a condenser vane


   Skills:
 O Level 27 Fighting
 O Level 27 Ranged Weapons
 + Level 24.8 Dodging
 - Level 13.1 Stealth
 + Level 12.9 Shields
 - Level 2.1 Translocations
 - Level 13.0 Invocations
 - Level 8.0 Evocations


You had 24 spell levels left.
You knew the following spells:

 Your Spells              Type           Power      Damage    Failure   Level
a - Blink                 Tloc           12%        N/A       19%         2

Your spell library contained the following spells:

 Spells                   Type           Power      Damage    Failure   Level
 Beastly Appendage        Tmut           0%         N/A       30%         1
 Foxfire                  Conj/Fire      0%         2x1d4     30%         1
 Freeze                   Ice            0%         1d3       30%         1
 Sandblast                Erth           0%         2d4       30%         1
 Shock                    Conj/Air       0%         1d3       30%         1
 Sting                    Tmut/Pois      0%         1d3       30%         1
 Gell's Gravitas          Tloc           6%         N/A       36%         3
 Lesser Beckoning         Tloc           6%         N/A       36%         3
 Teleport Other           Tloc           6%         N/A       36%         3
 Ensorcelled Hibernation  Hex/Ice        0%         N/A       43%         2
 Passwall                 Tmut/Erth      0%         N/A       43%         2
 Poisonous Vapours        Pois/Air       0%         N/A       43%         2
 Scorch                   Fire           0%         2d5       43%         2
 Sublimation of Blood     Necr           0%         N/A       43%         2
 Wereblood                Tmut           0%         N/A       43%         2
 Portal Projectile        Hex/Tloc       6%         N/A       52%         3
 Conjure Flame            Conj/Fire      0%         6-21      67%         3
 Dazzling Flash           Conj/Hex       0%         N/A       67%         3
 Frozen Ramparts          Ice            0%         1d1       67%         3
 Ignite Poison            Fire/Tmut/Pois 0%         N/A       67%         3
 Inner Flame              Hex/Fire       0%         N/A       67%         3
 Mephitic Cloud           Conj/Pois/Air  0%         N/A       67%         3
 Ozocubu's Armour         Ice            0%         N/A       67%         3
 Spider Form              Tmut/Pois      0%         N/A       67%         3
 Stone Arrow              Conj/Erth      0%         3d7       67%         3
 Swiftness                Air            0%         N/A       67%         3
 Vampiric Draining        Necr           0%         2d6       67%         3
 Iskenderun's Mystic Bla  Conj/Tloc      3%         2d3       89%         4
 Airstrike                Air            0%         2d(0-16)  97%         4
 Anguish                  Hex/Necr       0%         N/A       97%         4
 Corpse Rot               Necr/Pois/Air  0%         N/A       97%         4
 Dispel Undead            Necr           0%         3d6       97%         4
 Flame Wave               Conj/Fire      0%         2d4       97%         4
 Fulminant Prism          Conj/Hex       0%         3d6       97%         4
 Hailstorm                Conj/Ice       0%         3d3       97%         4
 Ice Form                 Ice/Tmut       0%         N/A       97%         4
 Leda's Liquefaction      Hex/Erth       0%         N/A       97%         4
 Olgreb's Toxic Radiance  Pois           0%         N/A       97%         4
 Sticky Flame             Conj/Fire      0%         2d3       97%         4
 Manifold Assault         Tloc           6%         N/A       98%         5
 Blade Hands              Tmut           0%         N/A       100%        5
 Borgnjor's Vile Clutch   Necr/Erth      0%         N/A       100%        5
 Fireball                 Conj/Fire      0%         3d3       100%        5
 Freezing Cloud           Conj/Ice/Air   0%         6-21      100%        5
 Irradiate                Conj/Tmut      0%         3d11      100%        5
 Metabolic Englaciation   Hex/Ice        0%         N/A       100%        5
 Starburst                Conj/Fire      0%         6d3       100%        6
 Dragon Form              Tmut           0%         N/A       100%        7
 Orb of Destruction       Conj           0%         9d5       100%        7
 Ozocubu's Refrigeration  Ice            0%         4d7       100%        7
 Storm Form               Tmut/Air       0%         N/A       100%        7
 Necromutation            Tmut/Necr      0%         N/A       100%        8
 Chain Lightning          Conj/Air       0%         N/A       100%        9
 Fire Storm               Conj/Fire      0%         5d1       100%        9
 Shatter                  Erth           0%         3d5*      100%        9
 Summon Guardian Golem    Hex/Summ       Unusable   N/A       N/A         3
 Animate Dead             Necr           Unusable   N/A       N/A         4
 Summon Ice Beast         Ice/Summ       Unusable   N/A       N/A         4
 Death Channel            Necr           Unusable   N/A       N/A         6
 Simulacrum               Ice/Necr       Unusable   N/A       N/A         6
 Spellforged Servitor     Conj/Summ      Unusable   N/A       N/A         7
 Summon Hydra             Summ           Unusable   N/A       N/A         7
 Infestation              Necr           Unusable   N/A       N/A         8

Dungeon Overview and Level Annotations

Branches:
Dungeon (15/15)            Temple (0/1) D:4            Lair (5/5) D:11
  Swamp (4/4) Lair:3        Snake (4/4) Lair:2        Slime (0/5) Lair:5
    Orc (2/2) D:9             Elf (3/3) Orc:2        Vaults (4/5) D:13
  Crypt (3/3) Vaults:2       Tomb (1/3) Crypt:3      Depths (4/4) D:15
    Zot (5/5) Depths:4      Sewer (visited)          Bailey (visited)
  IceCv (visited)

Altars:
Elyvilon
Hepliaklqana
Kikubaaqudgha
Makhleb
Nemelex Xobeh
Okawaru
Qazlal
Ru
Sif Muna
Trog
Vehumet
Xom
The Shining One
Lugonu

Shops:
D:1 (   D:6 (   D:7 [[   Orc:2 *(!:   Elf:1 (   Elf:2 *   Elf:3 [**!*
Snake:1 :*   Vaults:1 !   Depths:3 (

Portals:
Hell: Depths:1 Depths:2 Depths:3 Depths:4
Abyss: Lair:5 Depths:3 Depths:4
Pandemonium: Depths:2
Ziggurat: Depths:3
Trove: Depths:3 (lose all piety)

Annotations:
D:8 1 runed translucent door, daiconan's ghost, novice MiBe
Vaults:2 3 runed translucent doors, Lianjan's ghost, adept GnWr; MackTheFife's ghost, veteran HOGl; SlowGraham's ghost, legendary KoMo
Crypt:2 2 transporters, exclusion: orange crystal statue
Depths:1 2 transporters, exclusion: orange crystal statue, Rong's ghost, journeyman DsGl; Vium's ghost, adept DrTm; raetorn's ghost, adept FeDe
Zot:1 1 transporter


Innate Abilities, Weirdness & Mutations

You can breathe wild blasts of lightning.
Your glossy black scales are hard. (AC +13)
You cannot fit into any form of body armour.
Your large and strong wings let you fly.
You are resistant to electric shocks. (rElec)
You are cold-blooded and may be slowed by cold attacks.
Your body sometimes deteriorates upon taking damage.
You are dopey. (Int -2)
Your flesh is heat resistant. (rF+)


Message History

An Orb Guardian comes into view.
You shoot a bolt.
The bolt pierces through the Orb Guardian!!!
The Orb Guardian is heavily wounded.
You shoot a bolt. The bolt misses the Orb Guardian.
You shoot a bolt. The bolt misses the Orb Guardian.
You shoot a bolt.
The bolt barely misses the Orb Guardian.
You shoot a bolt.
The bolt pierces through the Orb Guardian!!!
You kill the Orb Guardian!
Okawaru accepts your kill.
(D) Dungeon (T) Temple (L) Lair (S) Swamp (P) Snake Pit (M) Slime Pits (O) Orcish Mines (E) Elven Halls (V) Vaults (C) Crypt (W) Tomb (U) Depths (H) Hell (Z) Zot
Where to? (* - list waypoints, Enter - D:1 @ (x,y), ? - help)
There is a stone staircase leading up here.
You fly upwards.
There is a stone staircase leading down here.
Your hands slow down.
There is a stone staircase leading up here.
You fly upwards.
There is a stone staircase leading down here.
There is an open door here.
There is an open door here.
You see here a +0 leather armour.
There is a stone staircase leading up here.
You fly upwards.
There is a stone staircase leading down here.
There is a stone staircase leading up, spattered with blood here.
You fly upwards.
There is a stone staircase leading down here.
There is a stone staircase leading up here.
You fly upwards.
There is a stone staircase leading down here.
There is an open door here.
There is an open gate here.
There is a staircase leading out of the dungeon here.
You have escaped!

≈≈≈~....♣#...[.#.....#
≈≈≈~....♣#.#######.###
≈~≈.....P#.#######.#
≈≈.......#.........#
≈~≈~....P#########.#
≈≈~.....♣###### ###
≈~~......♣P.P.♣
≈≈≈~..........♣♣♣♣
≈≈≈....P.♣.....♣@♣
≈≈≈~............P♣
≈≈≈≈~............♣
≈≈≈≈~~...........♣
≈≈≈≈≈≈~~~..~~..♣♣♣♣
≈≈≈≈≈≈~≈≈≈~≈~≈~~≈≈♣
≈≈≈≈≈≈~≈≈≈≈≈≈≈≈≈≈≈♣
≈≈≈≈≈≈≈≈≈≈≈≈≈≈≈≈≈≈≈≈≈♣
#######################


There were no monsters in sight!

Vanquished Creatures
  An ancient lich (Zot:5)
  6 dread liches
  2 orbs of fire (Zot:5)
  A juggernaut (Depths:3)
  2 royal mummies (Tomb:1)
  Josephina (Zot:2)
  9 Killer Klowns
  7 pandemonium lords
  Frederick (Depths:3)
  Vashnia (Snake:4)
  2 curse toes
  2 caustic shrikes (Depths:2)
  Jory (Crypt:1)
  A profane servitor (Abyss:3)
  7 golden dragons
  A Tzitzimitl (Depths:3)
  3 doom hounds (Depths:3)
  5 electric golems
  6 bone dragons
  A Brimstone Fiend (Zot:5)
  3 walking crystal tomes (Depths:2)
  Jorgrun (Elf:2)
  A shard shrike skeleton (Crypt:3)
  23 tentacled monstrosities
  3 Ice Fiends
  14 liches
  30 Orb Guardians
  Grunn (Depths:3)
  Asterion (Elf:3)
  A Hell Sentinel (Abyss:3)
  A walking divine tome (Depths:3)
  2 titans (Depths:2)
  3 quicksilver dragons
  3 Executioners
  3 deep elf master archers (Elf:3)
  A walking earthen tome (Depths:2)
  3 deep elf blademasters (Elf:3)
  12 tentacled starspawn (Abyss:3)
  15 sphinxes
  2 ancient champions
  A thorn hunter (Swamp:4)
  10 death cobs
  An eldritch tentacle (Zot:5)
  7 tengu reavers
  6 revenants
  4 draconian knights
  16 storm dragons
  12 shadow dragons
  Donald (Orc:2)
  8 nagarajas
  8 fire giants
  A draconian monk (Zot:3)
  3 fenstrider witches
  6 deep elf sorcerers
  9 frost giants (Depths:2)
  A demonspawn warmonger (D:13)
  9 draconian scorchers
  12 vault wardens
  4 orc warlords
  8 draconian shifters
  3 deep elf elementalists (Elf:3)
  3 spectral caustic shrikes (Depths:3)
  Aizul (Elf:3)
  4 cacodemons
  A ghost moth (Zot:3)
  9 ghouls
  3 spriggan defenders (Depths:2)
  3 war gargoyles
  4 draconian annihilators
  2 draconian stormcallers
  26 very ugly things
  14 ironbound preservers
  8 ironbound thunderhulks
  23 stone giants
  2 reapers
  25 vampire knights
  7 green draconians
  5 eleionomae
  4 deep elf demonologists
  10 black draconians
  A putrid mouth (Depths:3)
  3 lorocyprocas
  14 purple draconians
  14 dire elephants
  7 deep elf annihilators
  Azrael (D:15)
  An entropy weaver (Vaults:3)
  3 yellow draconians
  4 bunyips
  14 red draconians
  10 spark wasps
  9 white draconians
  20 ettins
  4 deep elf death magi
  3 blizzard demons
  4 crystal guardians
  10 fire dragons
  6 eidola
  A green death (Abyss:3)
  10 mummy priests (Tomb:1)
  14 great orbs of eyes
  A shambling mangrove (Swamp:4)
  A merfolk impaler (Depths:4)
  10 jiangshi
  12 vault guards
  2 deep elf high priests (Elf:3)
  6 yaktaur captains
  3 spriggan zombies (Crypt:2)
  12 ice dragons
  A quicksilver dragon zombie (Crypt:3)
  3 salamander tyrants
  23 hydras
  6 rakshasas
  8 boulder beetles
  4 peacekeepers
  6 spriggan air magi
  2 ghost crabs
  13 anacondas
  13 naga warriors
  13 centaur warriors
  11 ironbound frosthearts
  10 alligators
  2 death knights
  6 two-headed ogres
  6 tengu warriors
  Urug (D:11)
  4 deep troll shamans
  4 deep troll earth magi
  3 hell hogs (Depths:2)
  27 dancing weapons
  9 shock serpents
  9 vampire magi
  14 thrashing horrors
  8 spriggan berserkers
  3 storm dragon zombies (Crypt:3)
  18 naga sharpshooters
  16 hell knights
  16 deep elf knights
  5 iron trolls
  21 skeletal warriors
  9 wretched stars (Abyss:3)
  A spatial maelstrom (Abyss:3)
  2 death drakes (Swamp:1)
  6 golden dragon zombies
  A shadow wraith (Abyss:3)
  5 spriggan druids
  29 deep trolls
  2 salamander mystics (Snake:4)
  2 bunyip zombies
  9 flayed ghosts
  3 goliath frogs
  3 sixfirhies
  2 glowing orange brains
  10 swamp dragons
  7 naga ritualists
  20 starcursed masses (Abyss:3)
  An anaconda zombie (Crypt:3)
  7 wizards
  A shadow demon (D:14)
  12 bog bodies
  A lindwurm (shapeshifter) (Elf:2)
  14 phantasmal warriors
  2 lindwurms (Vaults:1)
  9 deep elf archers
  An iron giant skeleton (Crypt:1)
  12 ironbound convokers
  A wolf spider (shapeshifter) (Depths:2)
  26 deep elf pyromancers
  An iron dragon zombie (Crypt:1)
  6 necromancers
  A harpy (shapeshifter) (D:13)
  17 orc knights
  A tengu skeleton (Vaults:4)
  6 mana vipers
  28 deep elf zephyrmancers
  3 orc sorcerers
  3 worldbinders (Abyss:3)
  4 manticores
  2 fauns (shapeshifter)
  42 ugly things
  5 will-o-the-wisps
  13 salamanders
  A moth of wrath (shapeshifter) (Depths:4)
  13 cyclopes
  29 moths of wrath
  15 vault sentinels
  2 rust devils (Abyss:3)
  26 black mambas
  14 elephants
  A centaur zombie (Crypt:3)
  9 guardian serpents
  3 fire giant skeletons
  10 naga magi
  5 apocalypse crabs (Abyss:3)
  2 dire elephant zombies (Crypt:2)
  An alligator snapping turtle zombie (Crypt:1)
  2 ice statues (IceCv)
  9 orange demons
  A storm dragon simulacrum (Zot:2)
  11 smoke demons
  A torpor snail (Lair:3)
  A centaur skeleton (Crypt:2)
  A minotaur zombie (Crypt:1)
  9 cane toads
  2 cane toads (shapeshifter) (Elf:2)
  A kobold demonologist (D:9)
  A hellion (Zot:4)
  3 efreet
  41 yaktaurs
  An iron troll zombie (Crypt:3)
  2 anaconda simulacra (IceCv)
  4 tormentors
  2 unseen horrors
  A pale draconian skeleton (Crypt:2)
  An ice devil (Abyss:3)
  7 komodo dragons
  5 freezing wraiths
  A silent spectre (Abyss:3)
  A golden dragon simulacrum (Zot:2)
  2 hellwings
  5 tengu conjurers
  10 hornets
  14 guardian mummies
  12 ancient zymes
  A bloated husk (Swamp:2)
  A meliai (D:14)
  4 trolls
  3 harpy zombies
  A wind drake (shapeshifter) (Abyss:3)
  2 polar bears
  A moth of wrath zombie (Crypt:2)
  14 tyrant leeches
  23 slime creatures
  21 blink frogs
  18 dream sheep
  29 raiju (Abyss:3)
  A human simulacrum (Vaults:4)
  A meliai zombie (Crypt:1)
  A draconian simulacrum (Zot:2)
  A centaur simulacrum (D:14)
  9 flying skulls
  2 shadows
  12 spriggans
  4 air elementals (Elf:3)
  9 water elementals
  2 ettin skeletons (Abyss:3)
  9 wraiths
  10 ynoxinuls
  3 fire elementals
  56 yaks
  21 vampires
  4 fire bats (Abyss:3)
  6 golden eyes
  6 wyverns
  13 chaos spawn
  An ushabti (Tomb:1)
  5 neqoxecs
  3 steam dragons
  A wind drake skeleton (Crypt:2)
  14 vampire mosquitoes
  9 basilisks
  4 death yak simulacra
  A naga zombie (Crypt:3)
  3 wargs (Orc:1)
  A merfolk zombie (Crypt:3)
  2 acid dragons
  36 nagas
  14 swamp worms
  A glowing shapeshifter zombie (Vaults:4)
  3 hell hounds (D:15)
  9 water moccasins
  A floating eye (shapeshifter) (Depths:4)
  A hydra simulacrum (Abyss:3)
  A two-headed ogre skeleton (Crypt:2)
  4 floating eyes
  8 swamp drakes
  A moth of wrath simulacrum (Zot:2)
  An ice beast (D:6)
  26 large abominations
  32 orc warriors
  3 black bears
  A tengu (shapeshifter) (D:13)
  An ettin simulacrum (Abyss:3)
  5 ogres
  5 wolves (Lair:4)
  5 boggarts
  A boggart (shapeshifter) (Depths:2)
  28 centaurs
  A manticore skeleton (Crypt:3)
  4 kobold brigands
  A phantom (D:4)
  6 necrophages
  3 scorpions
  10 bullfrogs
  A cane toad simulacrum (IceCv)
  4 earth elementals
  A komodo dragon skeleton (Crypt:2)
  13 wights
  32 small abominations
  A raiju zombie (Crypt:1)
  5 killer bees (D:9)
  A polar bear skeleton (Crypt:3)
  3 howler monkeys
  An electric eel (D:7)
  A lava snake (D:7)
  A wolf skeleton (Crypt:2)
  7 hounds
  A quasit (Abyss:3)
  A human zombie (Crypt:2)
  12 orc priests
  A gnoll bouda (D:7)
  2 iron imps (Abyss:3)
  8 iguanas
  19 orc wizards
  2 polar bear simulacra
  A wolf simulacrum (Lair:2)
  A naga skeleton (Crypt:1)
  A hound zombie (Crypt:1)
  16 mummies
  6 adders
  9 gnolls
  3 river rats (Sewer)
  3 white imps
  3 ufetubi (Abyss:3)
  A worm (D:4)
  3 dart slugs (D:2)
  103 orcs
  5 bats
  4 endoplasms
  6 giant cockroaches
  12 goblins
  5 hobgoblins
  3 jackals (D:3)
  29 kobolds
  4 quokkas
  12 ball pythons
  4 frilled lizards
  30 rats
  A lurking horror (Abyss:3)
  7 starspawn tentacles (Abyss:3)
2497 creatures vanquished.

Vanquished Creatures (others)
  A sun demon (D:14)
  A moth of wrath (Zot:2)
  2 raiju (Abyss:3)
  A hornet (Swamp:3)
  A ynoxinul (D:14)
  A neqoxec (Abyss:3)
  2 nagas (Snake:4)
  2 small abominations (Abyss:3)
  3 large abominations
  4 foxfires
  4 fungi
  A lurking horror (Abyss:3)
  6 plants
  19 starspawn tentacles (Abyss:3)
48 creatures vanquished.

Grand Total: 2545 creatures vanquished

Notes
Turn   | Place    | Note
-------+----------+-------------------------------------------
     0 | D:1      | LSt the Draconian Hunter began the quest for the Orb.
     0 | D:1      | Reached XP level 1. HP: 17/17 MP: 1/1
    94 | D:1      | Found a faded altar of an unknown god.
   138 | D:1      | Reached XP level 2. HP: 24/24 MP: 2/2
   192 | D:1      | Found Daickeme's Weapon Shoppe.
   886 | D:1      | Bought 3 boomerangs of dispersal for 45 gold pieces
  1124 | D:2      | Reached XP level 3. HP: 23/30 MP: 3/3
  1846 | D:3      | Reached XP level 4. HP: 38/38 MP: 4/4
  1938 | D:3      | Reached skill level 1 in Stealth
  2078 | D:3      | Found a shimmering altar of Xom.
  2084 | D:3      | Noticed a centaur
  2172 | D:3      | Found an iron altar of Okawaru.
  2178 | D:3      | Became a worshipper of Warmaster Okawaru
  2240 | D:3      | Killed a centaur
  2241 | D:3      | Reached skill level 5 in Ranged Weapons
  2241 | D:3      | Reached XP level 5. HP: 31/47 MP: 5/5
  2509 | D:4      | Reached * piety under Okawaru
  2510 | D:4      | Reached XP level 6. HP: 51/53 MP: 6/6
  2516 | D:4      | Reached skill level 1 in Invocations
  2802 | D:4      | Found a bloodstained altar of Trog.
  2868 | D:4      | You fall into a shaft and drop 3 floors!
  2890 | D:7      | Reached skill level 5 in Fighting
  3002 | D:7      | Found a flagged portal.
  3063 | D:7      | Found Neimisewn's Armour Shop.
  3089 | D:7      | Noticed a steam dragon
  3100 | D:7      | Your scales start taking on a glossy black colour.
  3100 | D:7      | Reached XP level 7. HP: 44/61 MP: 8/8
  3100 | D:7      | Gained mutation: You are resistant to electric shocks.
                  | (rElec) [Black Draconian growth]
  3119 | D:7      | Reached ** piety under Okawaru
  3336 | Bailey   | Entered a bailey
  4791 | D:7      | Found Oriybb's Antique Armour Shop.
  4891 | D:7      | Reached XP level 8. HP: 54/71 MP: 8/10
  5017 | D:7      | Found a hazy altar of Hepliaklqana.
  5733 | D:7      | Killed an unseen horror
  5734 | D:7      | Reached skill level 1 in Evocations
  6082 | D:7      | Reached XP level 9. HP: 82/82 MP: 11/11
  6205 | D:7      | Found a burning altar of Makhleb.
  6211 | D:7      | Found a radiant altar of Vehumet.
  6212 | D:7      | Found a stormy altar of Qazlal.
  6319 | D:7      | Identified the +2 flail of Integrity {venom, Will+ Str+5}
  6325 | D:6      | Reached *** piety under Okawaru
  6341 | D:5      | Entered Level 5 of the Dungeon
  6541 | D:5      | Found a glowing drain.
  6568 | Sewer    | Entered a sewer
  7252 | D:4      | Found a white marble altar of Elyvilon.
  7428 | D:4      | Found a staircase to the Ecumenical Temple.
  7929 | D:6      | Received a gift from Okawaru
  7972 | D:6      | Found Pefujiush's Antique Weapon Emporium.
  8609 | D:6      | Found a shimmering blue altar of Sif Muna.
  9195 | D:7      | Bought a scarf of repulsion for 120 gold pieces
  9873 | D:8      | Reached **** piety under Okawaru
  9874 | D:8      | Reached skill level 10 in Fighting
  9874 | D:8      | Reached XP level 10. HP: 82/93 MP: 13/13
 10503 | D:8      | Reached skill level 5 in Invocations
 10810 | D:8      | Found a runed translucent door.
 10812 | D:8      | Noticed daiconan's ghost (novice MiBe)
 10841 | D:8      | Noticed a two-headed ogre
 10901 | D:8      | Killed a two-headed ogre
 11113 | D:8      | Found a glowing golden altar of the Shining One.
 11174 | D:9      | Reached skill level 10 in Ranged Weapons
 11243 | D:9      | Found a staircase to the Orcish Mines.
 11262 | D:9      | Noticed a white ugly thing
 11558 | D:8      | Identified 2 scrolls of acquirement
 11558 | D:8      | Acquired the ring of Juycytey {rElec rF+ rN++ Dex+6 SInv}
 11562 | D:8      | Acquired the +7 longbow "Wiemetz" {venom, rElec rF++ Int+3
                  | Dex-5}
 11601 | D:9      | Noticed a white ugly thing
 11614 | D:9      | Killed a white ugly thing
 11614 | D:9      | Received a gift from Okawaru
 11714 | D:9      | Identified the +10 great mace of Pyomonia {vamp, +Blink
                  | rElec Str+3 Dex-5}
 11759 | D:9      | Noticed a two-headed ogre
 11765 | D:9      | Killed a two-headed ogre
 11766 | D:9      | Reached skill level 5 in Stealth
 11869 | D:9      | Reached ***** piety under Okawaru
 11992 | D:10     | Entered Level 10 of the Dungeon
 12160 | D:10     | Reached XP level 11. HP: 101/101 MP: 16/16
 12181 | D:10     | Found an ancient bone altar of Kikubaaqudgha.
 12639 | D:10     | Identified the +0 arbalest of the Crafting Gods {vorpal,
                  | Contam rElec Will+++ Int-4} (Okawaru gifted it to you on
                  | level 10 of the Dungeon)
 12639 | D:10     | Received a gift from Okawaru
 12780 | D:10     | Acquired a ring of protection from cold
 12812 | D:10     | Noticed a five-headed hydra
 12845 | D:10     | Killed a five-headed hydra
 13037 | D:10     | Noticed a two-headed ogre
 13037 | D:10     | Noticed a two-headed ogre
 13045 | D:10     | Killed a two-headed ogre
 13058 | D:10     | Killed a two-headed ogre
 13065 | D:10     | Found the +12 pair of quick blades "Gyre" and "Gimble"
                  | {protect}
 13150 | D:11     | Noticed Urug
 13164 | D:11     | Found a staircase to the Lair.
 13286 | D:11     | Noticed a two-headed ogre
 13291 | D:11     | Killed a two-headed ogre
 13718 | D:11     | Noticed a boulder beetle
 13729 | D:11     | Killed a boulder beetle
 13842 | Lair:1   | Entered Level 1 of the Lair of Beasts
 13848 | Lair:1   | Noticed a six-headed hydra
 13854 | Lair:1   | Noticed a boulder beetle
 13866 | Lair:1   | Reached XP level 12. HP: 45/113 MP: 13/19
 13867 | Lair:1   | Reached ****** piety under Okawaru
 13867 | Lair:1   | Received a gift from Okawaru
 13868 | Lair:1   | Reached skill level 10 in Invocations
 13868 | Lair:1   | Killed a six-headed hydra
 13875 | Lair:1   | Killed a boulder beetle
 14076 | Lair:1   | Identified the +0 pair of boots of Ceof {rPois Will+ Dex+3}
 14909 | D:11     | Killed Urug
 15262 | Lair:2   | Found a frozen archway.
 15337 | IceCv    | Entered an ice cave
 15343 | IceCv    | Identified the +7 lajatang of the Gloaming {freeze, *Slow
                  | Will++ rCorr Stlth+} (Okawaru gifted it to you in an ice
                  | cave)
 15343 | IceCv    | Received a gift from Okawaru
 15351 | IceCv    | Found a transporter.
 15364 | IceCv    | Reached XP level 13. HP: 39/124 MP: 15/21
 15461 | IceCv    | Found a transporter.
 15647 | Lair:2   | Found a staircase to the Snake Pit.
 15989 | Lair:2   | Identified the +1 robe of Vlad {Stlth+}
 16630 | Lair:3   | Found a staircase to the Swamp.
 17605 | Lair:4   | You fall into a shaft and drop 1 floor!
 17605 | Lair:5   | Entered Level 5 of the Lair of Beasts
 17779 | Lair:4   | Received a gift from Okawaru
 18257 | Lair:4   | Reached skill level 5 in Dodging
 18581 | Lair:5   | Identified the +8 shortbow "Etegut" {flame, rElec} (Okawaru
                  | gifted it to you on level 5 of the Lair of Beasts)
 18581 | Lair:5   | Received a gift from Okawaru
 18678 | Lair:5   | Found a staircase to the Slime Pits.
 18902 | Lair:5   | Gained mutation: Your large and strong wings let you fly.
                  | [Black Draconian growth]
 18902 | Lair:5   | Reached XP level 14. HP: 121/133 MP: 22/22
 19348 | Lair:5   | Identified the +0 leather armour of Veducav {rPois rF++
                  | Slay-2}
 19454 | Lair:5   | Reached skill level 15 in Ranged Weapons
 19654 | Lair:5   | Identified the +5 longbow of the World {freeze, rN+ Will+}
                  | (Okawaru gifted it to you on level 5 of the Lair of Beasts)
 19654 | Lair:5   | Received a gift from Okawaru
 19690 | Lair:5   | Found a corrupted altar of Lugonu.
 19690 | Lair:5   | Found a one-way gate to the infinite horrors of the Abyss.
 20138 | D:11     | Noticed a tengu reaver
 20180 | D:11     | Killed a tengu reaver
 20217 | D:11     | Identified the +0 hat of Duck's Teeth {Harm Int+2} (Okawaru
                  | gifted it to you on level 11 of the Dungeon)
 20217 | D:11     | Received a gift from Okawaru
 20926 | Orc:1    | Entered Level 1 of the Orcish Mines
 21350 | Orc:2    | Entered Level 2 of the Orcish Mines
 21439 | Orc:2    | Noticed Donald
 21491 | Orc:1    | Reached skill level 10 in Stealth
 21643 | Orc:2    | Killed Donald
 21673 | Orc:2    | Found Gemurcha's Weapon Shoppe.
 21673 | Orc:2    | Found Lapodeuf's Distillery.
 21740 | Orc:2    | Reached skill level 15 in Fighting
 21743 | Orc:2    | Found a bloodstained altar of Trog.
 21751 | Orc:2    | Found a staircase to the Elven Halls.
 21944 | Orc:2    | Found Veisuseloex's Book Shop.
 21946 | Orc:2    | Found Naenn's General Store.
 22424 | D:13     | Reached XP level 15. HP: 136/141 MP: 23/23
 23132 | D:13     | Found a gate to the Vaults.
 23421 | D:14     | Received a gift from Okawaru
 23424 | D:14     | Reached skill level 10 in Dodging
 23460 | D:14     | Identified the +1 dagger "Votod" {vorpal, +Blink rPois
                  | Str-5 Int+2}
 23688 | D:14     | Noticed a sphinx
 24098 | D:14     | Killed a sphinx
 24135 | D:14     | Identified the ring of the Lachrymose God {rPois rF+ rC+
                  | Will+++ MP+9}
 24138 | D:14     | Identified the ring "Wadgh" {rN+ Slay+2}
 24139 | D:14     | Identified the +1 scale mail of Perfidy {+Inv}
 24254 | D:15     | Entered Level 15 of the Dungeon
 24268 | D:15     | Noticed Azrael
 24281 | D:15     | Killed Azrael
 24309 | D:15     | Found a sacrificial altar of Ru.
 24402 | D:15     | Found a staircase to the Depths.
 24403 | D:15     | Noticed a fire giant
 24411 | D:15     | Killed a fire giant
 24693 | D:15     | Received a gift from Okawaru
 25429 | Snake:1  | Entered Level 1 of the Snake Pit
 25784 | Snake:1  | Found Igerinuq's Tremendous Tomes.
 25945 | Snake:1  | Reached XP level 16. HP: 155/155 MP: 24/24
 26122 | Snake:1  | Found Ushaarra's CLEARANCE SALE!.
 26509 | Snake:2  | Identified the +2 cloak of the Heron {Harm rElec rF-}
                  | (Okawaru gifted it to you on level 2 of the Snake Pit)
 26509 | Snake:2  | Received a gift from Okawaru
 27827 | Snake:4  | Entered Level 4 of the Snake Pit
 28136 | Snake:4  | Noticed Vashnia
 28153 | Snake:4  | Killed Vashnia
 28162 | Snake:4  | Received a gift from Okawaru
 28962 | Snake:4  | Reached XP level 17. HP: 159/166 MP: 25/25
 29416 | Snake:4  | Received a gift from Okawaru
 29560 | Snake:4  | Got a serpentine rune of Zot
 29769 | Swamp:1  | Entered Level 1 of the Swamp
 30563 | Swamp:2  | Received a gift from Okawaru
 31276 | Swamp:3  | Got the Compendium of the Magi
 31559 | Swamp:4  | Entered Level 4 of the Swamp
 31878 | Swamp:4  | Reached XP level 18. HP: 179/179 MP: 26/26
 32279 | Swamp:4  | Got a decaying rune of Zot
 32649 | Elf:1    | Entered Level 1 of the Elven Halls
 32651 | Elf:1    | Received a gift from Okawaru
 32954 | Elf:1    | Got the Discourse on Concussion
 33302 | Elf:1    | Found Roommuaj's Antique Weapon Shop.
 33684 | Elf:2    | Noticed Jorgrun
 33708 | Elf:2    | Killed Jorgrun
 33850 | Elf:2    | Found a runed translucent gate.
 33850 | Elf:2    | Found a runed translucent gate.
 33850 | Elf:2    | Found a runed translucent gate.
 33937 | Elf:2    | Identified the +6 arbalest of Quick Death {freeze, Contam
                  | rElec Str+4 Dex+4} (Okawaru gifted it to you on level 2 of
                  | the Elven Halls)
 33937 | Elf:2    | Received a gift from Okawaru
 33956 | Elf:2    | Found Juokhera's General Store.
 34439 | Elf:2    | Identified the +3 hand crossbow "Death Rattle" {penet, rN+
                  | Dex+2} (Okawaru gifted it to you on level 2 of the Elven
                  | Halls)
 34439 | Elf:2    | Received a gift from Okawaru
 34616 | Elf:3    | Entered Level 3 of the Elven Halls
 34664 | Elf:3    | Noticed Asterion
 34683 | Elf:3    | Killed Asterion
 34713 | Elf:3    | Reached XP level 19. HP: 191/191 MP: 27/27
 34719 | Elf:3    | Found Zaletin's Assorted Antiques.
 35057 | Elf:3    | Found Jait's General Store.
 35057 | Elf:3    | Found Qolura's Assorted Antiques.
 35059 | Elf:3    | Found Muudwin's Distillery.
 35061 | Elf:3    | Found Nekunej's Antique Armour Boutique.
 35551 | Elf:3    | Identified the +9 glaive of the Open Hand {freeze, Dex+4}
 35562 | Elf:3    | Received a gift from Okawaru
 35562 | Elf:3    | Found the +3 Mad Mage's Maulers {Infuse+∞ RegenMP Int-3}
 35562 | Elf:3    | Identified the ring "Zaadd" {Ice Str+6 Int-5 SInv}
 35564 | Elf:3    | Noticed Aizul
 35576 | Elf:3    | Identified the +1 robe "Gepsaor" {Contam rElec rCorr SInv}
 35580 | Elf:3    | Killed Aizul
 35873 | Elf:3    | Identified the +5 battleaxe of the Uplifting Pill Bug
                  | {flame, Dex+6}
 35940 | Elf:3    | Found the +7 Spriggan's Knife {stab, EV+4 Stlth+}
 35955 | Elf:3    | Identified the +5 spear of Satyriasis {protect, rF++ SInv}
 35955 | Elf:3    | Identified the ring of Qouczopoz {+Blink rPois MP+9 Dex+5
                  | Slay-4}
 35981 | Elf:3    | Got the Spellbook of Shapes and Hypothermia
 35983 | Elf:3    | Got Koch's Verses on Grisly Frostbite
 35991 | Elf:3    | Got the Papyrus of Charged Vitiation
 36119 | Elf:3    | Bought a fine cloak for 199 gold pieces
 36119 | Elf:3    | Identified the +1 cloak "Golavun" {+Inv Fly rPois} (You
                  | bought it in a shop on level 3 of the Elven Halls)
 36375 | Vaults:1 | Entered Level 1 of the Vaults
 36806 | Vaults:1 | Got Heem's Exposition on Moulding
 37154 | Vaults:1 | Found Udwij's Distillery.
 38267 | Vaults:2 | Found a runed translucent gate.
 38267 | Vaults:2 | Found a runed translucent gate.
 38267 | Vaults:2 | Found a runed translucent gate.
 38268 | Vaults:2 | Noticed SlowGraham's ghost (legendary KoMo)
 38268 | Vaults:2 | Noticed Lianjan's ghost (adept GnWr)
 38269 | Vaults:2 | Noticed MackTheFife's ghost (veteran HOGl)
 38306 | Vaults:2 | Reached XP level 20. HP: 193/202 MP: 28/28
 38752 | Vaults:2 | Received a gift from Okawaru
 39464 | Vaults:2 | Found a staircase to the Crypt.
 39962 | Vaults:3 | Reached skill level 1 in Shields
 40015 | Vaults:3 | Reached skill level 15 in Dodging
 40262 | Vaults:3 | Received a gift from Okawaru
 40486 | Vaults:3 | Identified the +5 dire flail of Context {freeze, Stlth+}
 40902 | Vaults:3 | Identified the +5 hand crossbow of Perole {flame, rC+ Will+
                  | Str+3} (Okawaru gifted it to you on level 3 of the Vaults)
 40902 | Vaults:3 | Received a gift from Okawaru
 41020 | Vaults:3 | Got Nukhlukyrch's Tractate on Dusty Striking
 41918 | Vaults:4 | Reached XP level 21. HP: 209/209 MP: 29/29
 42181 | Vaults:4 | Identified the +11 arbalest of Nugea {freeze, rElec}
                  | (Okawaru gifted it to you on level 4 of the Vaults)
 42181 | Vaults:4 | Received a gift from Okawaru
 43196 | Depths:1 | Entered Level 1 of the Depths
 43556 | Depths:1 | Noticed Rong's ghost (journeyman DsGl)
 43559 | Depths:1 | Found a transporter.
 43559 | Depths:1 | Noticed Vium's ghost (adept DrTm)
 43575 | Depths:1 | Found a gateway to Hell.
 43594 | Depths:1 | Found a transporter.
 43600 | Depths:1 | Noticed a juggernaut
 43608 | Depths:1 | Noticed raetorn's ghost (adept FeDe)
 43947 | Depths:1 | Found a sparkling altar of Nemelex Xobeh.
 44029 | Depths:1 | Noticed a golden dragon
 44049 | Depths:1 | Identified the +1 robe of Philately {Fly Dex+2}
 44063 | Depths:1 | Killed a golden dragon
 44063 | Depths:1 | Identified the +0 cloak of the Morning {-Cast rPois Stlth+}
                  | (Okawaru gifted it to you on level 1 of the Depths)
 44063 | Depths:1 | Received a gift from Okawaru
 44421 | Depths:2 | Noticed a golden dragon
 44427 | Depths:2 | Killed a golden dragon
 44626 | Depths:2 | Reached XP level 22. HP: 190/217 MP: 31/31
 44666 | Depths:2 | Identified the +1 pair of boots of Vigym {rF+ Dex+5}
                  | (Okawaru gifted it to you on level 2 of the Depths)
 44666 | Depths:2 | Received a gift from Okawaru
 44746 | Depths:2 | Noticed a caustic shrike
 44756 | Depths:2 | Killed a caustic shrike
 45226 | Depths:2 | Got the Vellum of the Traveller and Combustion
 45408 | Depths:2 | Found a one-way gate leading to the halls of Pandemonium.
 45454 | Depths:2 | Noticed a caustic shrike
 45468 | Depths:2 | Killed a caustic shrike
 45502 | Depths:2 | Found a radiant altar of Vehumet.
 45780 | Depths:2 | Identified the +1 ring mail of Disaster {rC+}
 45932 | Depths:2 | Received a gift from Okawaru
 46289 | Depths:3 | Identified the +2 hat of the Doldrums {rC+ Int+7} (Okawaru
                  | gifted it to you on level 3 of the Depths)
 46289 | Depths:3 | Received a gift from Okawaru
 46475 | Depths:3 | Identified the +4 trident "Xabremiz" {drain, Fly}
 46601 | Depths:3 | Found a one-way gateway to a ziggurat.
 46734 | Depths:3 | Found a portal to a secret trove of treasure.
 46776 | Depths:3 | Noticed Frederick
 46783 | Depths:3 | Killed Frederick
 46878 | Depths:3 | Found Boixziah's Antique Weapon Emporium.
 47003 | Depths:3 | Reached XP level 23. HP: 226/226 MP: 32/32
 47081 | Depths:3 | Noticed Grunn
 47430 | Depths:3 | Killed Grunn
 47479 | Depths:3 | Noticed a juggernaut
 47497 | Depths:3 | Killed a juggernaut
 47547 | Depths:3 | Identified the +6 hand axe of Gozag's Delight {vorpal, rC+}
 47549 | Depths:3 | Identified the +7 sling "Arbiter" {vorpal, Str-2 Int+4}
 47711 | Depths:4 | Entered Level 4 of the Depths
 47718 | Depths:4 | Received a gift from Okawaru
 48054 | Depths:4 | Found a hazy altar of Hepliaklqana.
 48061 | Depths:4 | Identified the +1 leather armour of the Orb {rF+}
 48344 | Depths:4 | Found a gate to the Realm of Zot.
 48862 | Crypt:1  | Entered Level 1 of the Crypt
 49017 | Crypt:1  | Noticed Jory
 49029 | Crypt:1  | Killed Jory
 49030 | Crypt:1  | Identified the +9 longbow of the New World {venom, Contam
                  | rElec Str+4} (Okawaru gifted it to you on level 1 of the
                  | Crypt)
 49030 | Crypt:1  | Received a gift from Okawaru
 49031 | Crypt:1  | Reached skill level 5 in Evocations
 49978 | Elf:3    | Bought a pair of transparent gloves for 370 gold pieces
 49978 | Elf:3    | Identified the +3 pair of gloves of Intercession {rElec rC-
                  | Dex+4} (You bought it in a shop on level 3 of the Elven
                  | Halls)
 49981 | Elf:3    | Bought a scroll of blinking for 97 gold pieces
 50632 | Crypt:2  | Found a transporter.
 50811 | Crypt:2  | Identified the +1 shortbow "Neijuhur" {vorpal, Fragile rF+
                  | Str+3 Stlth+} (Okawaru gifted it to you on level 2 of the
                  | Crypt)
 50811 | Crypt:2  | Received a gift from Okawaru
 50871 | Crypt:2  | Found a transporter.
 51009 | Crypt:2  | Found an ancient bone altar of Kikubaaqudgha.
 51116 | Crypt:3  | Entered Level 3 of the Crypt
 51293 | Crypt:3  | Found a staircase to the Tomb.
 51501 | Crypt:3  | Reached XP level 24. HP: 242/242 MP: 32/32
 52086 | Crypt:3  | Identified the +5 cloak of the Vacuum {MP+9 Int+3} (Okawaru
                  | gifted it to you on level 3 of the Crypt)
 52086 | Crypt:3  | Received a gift from Okawaru
 52282 | Crypt:3  | Got the Octavo of Exhumation
 52575 | Crypt:3  | Got Sif Muna's Lectures on Beguiling and the Compass
 53088 | Depths:3 | Voluntarily entered the Abyss.
 53241 | Abyss:3  | Gained mutation: Your body sometimes deteriorates upon
                  | taking damage. [a cacodemon]
 53274 | Abyss:3  | Identified the +6 mace "Usmikeh" {flame, rElec rC+ Int+2
                  | Dex-3}
 53639 | Abyss:3  | Gained mutation: You are frail. (-10% HP) [a neqoxec]
 53876 | Abyss:3  | Reached skill level 27 in Fighting
 53992 | Abyss:3  | Received a gift from Okawaru
 54123 | Abyss:3  | Found a corrupted altar of Lugonu.
 54339 | Abyss:3  | Received a gift from Okawaru
 54491 | Abyss:3  | Reached XP level 25. HP: 231/231 MP: 32/32
 54492 | Abyss:3  | Lost mutation: You are frail. (-10% HP) [potion of
                  | mutation]
 54492 | Abyss:3  | Lost mutation: Your body sometimes deteriorates upon taking
                  | damage. [potion of mutation]
 54492 | Abyss:3  | Gained mutation: Your flesh is heat resistant. (rF+)
                  | [potion of mutation]
 54492 | Abyss:3  | Gained mutation: Your body sometimes deteriorates upon
                  | taking damage. [potion of mutation]
 54582 | Abyss:3  | Got an abyssal rune of Zot
 54707 | Abyss:3  | Noticed a dread lich
 54720 | Abyss:3  | Killed a dread lich
 54726 | Depths:3 | Escaped the Abyss
 55031 | Tomb:1   | Entered Level 1 of the Tomb of the Ancients
 55496 | Tomb:1   | Noticed a royal mummy
 55503 | Tomb:1   | Killed a royal mummy
 55848 | Tomb:1   | Noticed a royal mummy
 55858 | Tomb:1   | Killed a royal mummy
 56883 | Zot:1    | Entered Level 1 of the Realm of Zot
 56939 | Zot:1    | Found a transporter.
 57457 | Zot:1    | Learned a level 2 spell: Blink
 57467 | Zot:1    | Identified the +1 hat of Simog {rN+ Regen+ rCorr Dex-5}
                  | (Okawaru gifted it to you on level 1 of the Realm of Zot)
 57467 | Zot:1    | Received a gift from Okawaru
 57479 | Zot:1    | Reached skill level 1 in Translocations
 58100 | Zot:2    | Noticed an orb of fire
 58189 | Zot:2    | Noticed a Killer Klown
 58191 | Zot:2    | a Killer Klown changed into an eleionoma
 58206 | Zot:2    | Identified the ring "Roriel" {Ice Str+4 Slay+3}
 58206 | Zot:2    | Noticed Josephina
 58221 | Zot:2    | Killed Josephina
 59226 | Zot:3    | Reached skill level 27 in Ranged Weapons
 59226 | Zot:3    | Reached XP level 26. HP: 263/266 MP: 32/32
 59297 | Zot:3    | Received a gift from Okawaru
 59297 | Zot:3    | Found the +3 warlock's mirror {reflect}
 59672 | Zot:3    | Reached skill level 5 in Shields
 60872 | Zot:5    | Entered Level 5 of the Realm of Zot
 60937 | Zot:5    | Received a gift from Okawaru
 60946 | Zot:5    | Received a gift from Okawaru
 60958 | Zot:5    | Noticed a dread lich
 60962 | Zot:5    | Killed a dread lich
 61226 | Zot:5    | Identified the +8 longbow of Paper {vorpal, Will- Int+5}
                  | (Okawaru gifted it to you on level 5 of the Realm of Zot)
 61226 | Zot:5    | Received a gift from Okawaru
 61387 | Zot:5    | Noticed an ancient lich
 61394 | Zot:5    | Killed an ancient lich
 61434 | Zot:5    | Noticed a dread lich
 61435 | Zot:5    | Noticed an orb of fire
 61442 | Zot:5    | Gained mutation: You are dopey. (Int -2) [an orb of fire]
 61447 | Zot:5    | Killed a dread lich
 61452 | Zot:5    | Killed an orb of fire
 61670 | Zot:5    | Identified the +5 sling of Death's Door {venom, rF+ Dex+2}
                  | (Okawaru gifted it to you on level 5 of the Realm of Zot)
 61670 | Zot:5    | Received a gift from Okawaru
 61715 | Zot:5    | Reached skill level 10 in Shields
 61774 | Zot:5    | Reached XP level 27. HP: 273/273 MP: 32/32
 61791 | Zot:5    | Noticed an orb of fire
 61791 | Zot:5    | Noticed a dread lich
 61795 | Zot:5    | Killed an orb of fire
 61803 | Zot:5    | Killed a dread lich
 61811 | Zot:5    | Noticed a dread lich
 61875 | Zot:5    | Noticed a dread lich
 61889 | Zot:5    | Killed a dread lich
 61894 | Zot:5    | Killed a dread lich
 61906 | Zot:5    | Got the Orb of Zot
 62006 | Zot:5    | Received a gift from Okawaru
 62029 | Zot:4    | Noticed Sulowux the pandemonium lord
 62062 | Zot:4    | Killed Sulowux the pandemonium lord
 62242 | Zot:1    | Noticed Wieg the pandemonium lord
 62258 | Zot:1    | Killed Wieg the pandemonium lord
 62378 | Depths:2 | Noticed a seraph
 62453 | D:14     | Noticed Ozxaoff the pandemonium lord
 62460 | D:14     | Noticed Wakkad the pandemonium lord
 62462 | D:14     | Killed Ozxaoff the pandemonium lord
 62481 | D:14     | Killed Wakkad the pandemonium lord
 62489 | D:14     | Noticed Qecretos the pandemonium lord
 62499 | D:14     | Noticed Nevakyp the pandemonium lord
 62501 | D:14     | Killed Qecretos the pandemonium lord
 62511 | D:14     | Killed Nevakyp the pandemonium lord
 62765 | D:7      | Noticed Xirch the pandemonium lord
 62778 | D:7      | Killed Xirch the pandemonium lord
 62975 | D:$      | Escaped with the Orb!

Illustrated notes

Levels and vault maps discovered:
D:1:      kennysheep_arrival_seaside, layout_basic,
          hellmonk_ecumenical_altar_run_dry, serial_shops,
          nicolae_shop_hallway_plus, nicolae_eternal_life
D:2:      layout_loops_ring
D:3:      layout_basic, mainiacjoe_overflow_alcove_2, lemuel_doored_altar
D:4:      layout_basic, nicolae_elyvilon_peaceful_grove,
          trog_three_pillars_becter, minmay_temple_entry_fiery
D:5:      layout_basic, portal_sewer_entry_a
D:6:      layout_layer_cave, lemuel_tele_altar, serial_shops, shop
D:7:      layout_loops_ring, minitemple, enter_bailey_5, serial_shops,
          kennysheep_mini_moat, nicolae_shop_waterfront, nicolae_lava_and_water,
          minmay_the_grid_2x2 [minmay_the_grid_expand,
          minmay_the_grid_minigrid_small, minmay_the_grid_rooms,
          minmay_the_grid_prize_shrinking_boxes]
D:8:      layout_gridville, mainiacjoe_overflow_alcove_4,
          ebering_ghost_reflecting_pool
D:9:      layout_basic, orc_0_dummy
D:10:     layout_irregular_city, mainiacjoe_overflow_six_doors_small,
          hellmonk_guarded_unrand_gyre_and_gimble
D:11:     minmay_klotski, layout_cave_pools, serial_co_window_serial,
          co_window_paths_a, co_window_of_opportunity_a, co_window_paths_b,
          co_window_of_opportunity_a, co_window_paths_a, co_window_paths_a,
          co_window_corner_a, co_window_unsneaky_path_c, co_window_cross_3,
          co_window_of_opportunity_b, co_window_broadway_a, co_window_2corner,
          glass_columns_b, glass_columns_a, glass_columns_a, glass_columns_a,
          glass_columns_a, minmay_variable_closet, uniq_urug
D:12:     layout_cave_pools
D:13:     layout_roguey, skrybe_vaults_entry_preservation
D:14:     layout_cross, columned_hall_lemuel,
          minmay_checkered_concentric_circles
D:15:     grunt_enter_depths_giant_problem, layout_loops_cross,
          dreamdust_mushroom_princess, nicolae_ru_sacrificial_ziggurat,
          uniq_azrael
Lair:1:   layout_regular_city, grunt_megastairs_5
Lair:2:   layout_regular_city, guppyfry_snake_entry_garden,
          portal_ice_cave_entry_ice_simulacra, hangedman_lair_generics_rect,
          grunt_megastairs_2
Lair:3:   layout_layer_cave, skrybe_swamp_entry_bodies, serial_bayou_pond_d,
          grunt_forest_small_clearing_treed
Lair:4:   layout_roguey, serial_bayou_crossing
Lair:5:   hellmonk_lair_end_abyssal_woods, layout_hall_layers, slime_entry_1
Swamp:1:  layout_basic_swamp, evilmike_swamp_ruin_house_1,
          nicolae_swamp_drake_lake
Swamp:2:  layout_basic_swamp, hangedman_swamp_ruin_wall, swamp_pool2
Swamp:3:  layout_basic_swamp, nicolae_swamp_feature_on_the_river_bank
Swamp:4:  swamp_basic_johnstein, layout_basic_swamp, swamp_pool1
Snake:1:  layout_grid_maze, nicolae_shop_i_like_big_books,
          nicolae_shop_clearance
Snake:2:  layout_misc_corridors
Snake:3:  layout_misc_corridors
Snake:4:  grunt_snake_rune_serpentine_throne, layout_onion, uniq_vashnia
Orc:1:    layout_caves
Orc:2:    st_orc_rangers, layout_caves, basic_altar, uniq_donald
Elf:1:    layout_geoelf_diagonals, serial_shops, shop, minmay_elf_annihilation,
          grunt_megastairs_4
Elf:2:    elven_hall_of_blades_hangedman_original [mumra_blade_entry_dagger],
          layout_geoelf_diagonals, serial_shops, nicolae_diamond_shop,
          uniq_jorgrun
Elf:3:    minmay_elf_hall_statues, layout_geoelf_octagon, serial_shops,
          nicolae_shop_advertising_works [nicolae_subvault_shop_adworks],
          minmay_shoptagon, uniq_aizul, uniq_asterion
Vaults:1: v_misc_3, nicolae_vaults_circle_grid_b, v_pattern_5,
          nicolae_vaults_what_the_h, nicolae_vaults_shelves_hall,
          vaults_dpeg_emergency_exit, layout_vaults_chaotic_city, serial_shops,
          nicolae_shop_hallway_stairs
Vaults:2: gammafunk_ghost_cemetery, vaults_dpeg_hooks, v_rooms_5, v_pattern_3,
          hangedman_vaults_maws, nicolae_vaults_network_periphery,
          layout_vaults_quadrants, minmay_crypt_entry_simple_box
Vaults:3: vaults_mumra_hexcomb, v_pattern_1, v_alt_pattern_2,
          nicolae_vaults_network_star, nicolae_vaults_minivaults,
          hangedman_vaults_variations, hangedman_vaults_restitches, v_misc_8,
          vaults_room_large_hall, vaults_room_pool, ontoclasm_vaults_tryst,
          v_misc_25, nicolae_vaults_shelves_hall,
          hangedman_vaults_stretched_pinwheel, layout_vaults_omnibox
Vaults:4: nicolae_vaults_asterisk, hangedman_vaults_slice, v_misc_5,
          nicolae_vaults_sealed_display, vaults_room_boxed,
          nicolae_vaults_network_square, nicolae_vaults_stairing_the_circle,
          nicolae_vaults_quadrants, ontoclasm_vaults_ligature, vaults_mumra_lcd,
          nicolae_vaults_diagonal_hallway_7, vaults_dpeg_encased_lava,
          v_misc_15, v_misc_17, layout_vaults_ring
Crypt:1:  layout_misc_corridors, uniq_jory
Crypt:2:  gammafunk_sealed_arena, layout_chaotic_city,
          lemuel_mausoleum_altar_kikubaaqudgha
Crypt:3:  due_elkab, layout_chaotic_city, nicolae_tomb_entry_grand_gallery
Tomb:1
Depths:1: layout_basic, nzn_ghost_randoct, pf_hell_entry_great_geh,
          nicolae_kite_square_tiling_tiny, nemelex_lonely_heart_becter
Depths:2: minmay_octagon_city, layout_honeycomb, hell_entry, serial_rivers,
          chequers_serial_rivers_room_a, chequers_serial_rivers_small_3,
          chequers_serial_rivers_marsh, chequers_serial_rivers_small_a,
          chequers_serial_rivers_room_a, chequers_serial_rivers_small_a,
          fiery_altar_vehumet, pan_entry
Depths:3: minmay_shrinking_squares, layout_basic, enter_ziggurat_b, abyss_entry,
          pf_hell_entry_tar_river, enter_trove_6, serial_shops, shop,
          st_stairs_13, grunt_megastairs_1, minmay_staircase_bubble, uniq_grunn,
          uniq_frederick
Depths:4: grunt_zot_entry_tricorne, layout_cave_pools,
          nzn_hepliaklqana_mist_gate, grunt_hell_entry_dis_mu,
          abyss_entry_small_statue_room, fountainhead
Zot:1:    kennysheep_ambush_hall, layout_basic, st_stairs_10,
          nicolae_diode_basic
Zot:2:    layout_gridlike, nrook_zot_tub, uniq_josephina
Zot:3:    kennysheep_bubbly, layout_twisted_circle
Zot:4:    layout_misc_corridors, skrybe_zot_glass_3
Zot:5:    layout_concentric_octagons, lemuel_baited_zot_trap

Skill      XL: |  1  2  3  4  5  6  7  8  9 10 11 12 13 14 15 16 17 18 19 20 21 22 23 24 25 26 27 |
---------------+----------------------------------------------------------------------------------+-----
Ranged Weapons | 4 5 6 8 9 10 11 13 14 16 18 19 20 21 22 23 24 27 | 27.0
Fighting       | 3 4 5 6 8 10 12 14 15 17 18 20 22 23 25 27 | 27.0
Stealth        | 1 2 6 7 8 10 12 13 | 13.1
Invocations    | 2 3 4 7 9 11 13 | 13.0
Evocations     | 2 8 |  8.0
Dodging        | 3 6 9 10 12 14 17 19 22 24 | 24.8
Shields        | 2 10 12 | 12.9
Translocations | 2 |  2.1

Action                   |  1- 3 |  4- 6 |  7- 9 | 10-12 | 13-15 | 16-18 | 19-21 | 22-24 | 25-27 || total
-------------------------+-------+-------+-------+-------+-------+-------+-------+-------+-------++-------
Melee: Dagger            |       |       |       |       |       |       |     3 |       |       ||     3
 Fire: Shortbow          |    94 |   136 |   536 |   110 |       |       |       |       |       ||   876
       Longbow           |       |       |       |   372 |  1250 |  1491 |       |       |       ||  3113
       Hand crossbow     |       |       |       |       |       |    22 |  1330 |  1843 |  1356 ||  4551
Throw: Boomerang         |       |       |     2 |     1 |       |       |       |       |       ||     3
Invok: Heroism           |       |     1 |    13 |    15 |    29 |    20 |     5 |     3 |     3 ||    89
       Finesse           |       |       |       |     6 |     4 |     7 |     8 |    11 |    21 ||    57
 Abil: Breathe Lightning |       |       |     3 |     3 |     1 |     1 |       |       |       ||     8
Evoke: Wand              |       |       |     1 |       |       |       |       |       |       ||     1
       Condenser vane    |       |       |       |     2 |     2 |       |       |       |     1 ||     5
  Use: Scroll            |     7 |     3 |     9 |    15 |     5 |     2 |     1 |     3 |    12 ||    57
       Potion            |       |       |     1 |       |     1 |       |       |       |     3 ||     5
Armor: Skin              |     6 |    22 |    57 |    44 |    84 |    77 |   108 |   106 |    87 ||   591
Dodge: Dodged            |    17 |    60 |   140 |   145 |   484 |   412 |   526 |   797 |   709 ||  3290
       Repelled          |       |       |     1 |     2 |     4 |    27 |       |       |       ||    34
Block: Buckler           |       |       |       |       |       |       |    92 |   227 |   281 ||   600
       Reflection        |       |       |       |       |       |       |    12 |     3 |    36 ||    51
